 Dungeon Crawl Stone Soup version 0.26-b1-32-g5d43845318 (webtiles) character file.

Game seed: 509530153114598641

146 sanka the Skirmisher (level 5, 0/43 HPs)
             Began as a Mummy Arcane Marksman on Jan 10, 2021.
             Slain by a quasit (1 damage)
             ... on level 6 of the Dungeon.
             The game lasted 00:05:13 (2140 turns).

sanka the Skirmisher (Mummy Arcane Marksman)        Turns: 2140, Time: 00:05:13

Health: 0/43       AC: 10    Str: 14    XL:     5   Next: 7%
Magic:  7/7        EV:  2    Int: 12    God:
Gold:   138        SH:  0    Dex: -24 (13)Spells: 5/6 levels left

rFire    x . .     SeeInvis .   f - +0 dagger
rCold    + . .     Faith    .   g - +0 tower shield
rNeg     + + +     Spirit   .   j - +0 chain mail
rPois    ∞         Reflect  .   h - +1 helmet
rElec    .         Harm     .   (no cloak)
rCorr    .         Rampage  .   (no gloves)
Will     .....                  (no boots)
Stlth    ..........             e - amulet of regeneration
HPRegen  0.54/turn              (no ring)
MPRegen  0.10/turn              (no ring)

@: slowed, lost dexterity, very slow
A: no potions, fire vulnerability, cold resistance 1, negative energy resistance
3, torment resistance, unbreathing
a: no special abilities


You were on level 6 of the Dungeon.
You visited 1 branch of the dungeon, and saw 5 of its levels.

You collected 138 gold pieces.


Innate Abilities, Weirdness & Mutations

You do not drink.
Your flesh is vulnerable to fire.
You are immune to poison.
Your flesh is cold resistant. (rC+)
You are immune to negative energy. (rN+++)
You are immune to unholy pain and torment.
You can survive without breathing.


   Skills:
 + Level 4.7 Fighting
 - Level 2.0 Throwing
 - Level 1.5 Dodging
 - Level 1.3 Spellcasting
 - Level 2.6 Hexes


You had 5 spell levels left.
You knew the following spells:

 Your Spells              Type           Power        Failure   Level
Z - Corona                Hex            7%           100%        1

Your spell library contained the following spells:

 Spells                   Type           Power        Failure   Level
 Slow                     Hex            7%           100%        2
 Inner Flame              Hex/Fire       4%           100%        3
 Portal Projectile        Hex/Tloc       8%           100%        3
 Cause Fear               Hex            3%           100%        4
 Leda's Liquefaction      Hex/Erth       2%           100%        4

Inventory:

Hand Weapons
 a - a +0 war axe
 f - a +0 dagger (weapon)
 o - a +0 rapier
Missiles
 c - 4 javelins (quivered)
 d - 2 throwing nets {=f}
Armour
 g - a +0 tower shield (worn)
 h - a +1 helmet (worn)
 j - a +0 chain mail (worn)
 l - a +0 robe
Jewellery
 e - an amulet of regeneration (around neck)
Scrolls
 b - 5 scrolls of identify {unknown}
 i - 2 scrolls of teleportation {unknown}
 k - 2 scrolls of remove curse {unknown}
 m - 2 scrolls of blinking {unknown}
 n - a scroll of fog {unknown}

Dungeon Overview and Level Annotations

Branches:
Dungeon (6/15)
 Temple: D:4-7

Altars:
Ashenzari
Hepliaklqana
Nemelex Xobeh

Annotations:
D:5 Dowan

▒▒▒ ...
... ▒.▒ ▒
..▒ .▒
▒.▒▒.▒.▒▒
▒.>......
▒<.▒
▒M5▒▒▒.▒▒
▒........
▒.........
▒▒.)......
▒..▒▒▒..▒
▒⌠.⌠ ...
.._.. .▒
.⌠.⌠▒
.....


You could see a quasit.


Message History

The quasit bites you but does no damage.
The quasit claws you but does no damage.
The quasit claws you.
* * * LOW HITPOINT WARNING * * *
You feel clumsy. The quasit completely misses you.
The quasit claws you but does no damage.
The quasit claws you but does no damage.
You miss the quasit.
The quasit is severely wounded.
The quasit bites you but does no damage.
The quasit claws you but does no damage.
The quasit claws you.
* * * LOW HITPOINT WARNING * * *
The quasit bites you but does no damage.
The quasit claws you but does no damage.
The quasit claws you.
* * * LOW HITPOINT WARNING * * *
The quasit bites you but does no damage.
The quasit claws you but does no damage.
The quasit claws you but does no damage.
You closely miss the quasit.
The quasit is severely wounded.
The quasit bites you but does no damage.
The quasit claws you but does no damage.
The quasit claws you but does no damage.
The quasit bites you but does no damage.
The quasit claws you but does no damage.
The quasit claws you.
You die...

Action                   |  1- 3 |  4- 6 || total
-------------------------+-------+-------++-------
Melee: Unarmed           |    25 |       ||    25
       Dagger            |   204 |    93 ||   297
       Mace              |    58 |    15 ||    73
       War axe           |       |    67 ||    67
       Rapier            |       |    16 ||    16
Throw: Javelin           |       |     6 ||     6
Armor: Robe              |    46 |       ||    46
       Chain mail        |    75 |   780 ||   855
Dodge: Dodged            |    55 |    67 ||   122
Block: Tower shield      |   177 |   135 ||   312

Levels and vault maps discovered:
D:1:      lightli_arrival_isolated_outpost, layout_basic,
          hangedman_abyss_or_decor_stabs
D:2:      layout_loops_ring, lemuel_doored_altar, ashenzari_altar_1
D:3:      layout_basic, old_standard_altar, old_standard_altar,
          elyvilon_altar_3, uniq_jessica
D:5:      layout_basic, kennysheep_little_box, uniq_duvessa, uniq_edmund
D:6:      layout_basic, nemelex_xobeh_ov_fountains_minmay, serial_shops,
          nicolae_shop_behind_doors, ebering_ghost_reflecting_pool, minmay_holes

Notes
Turn   | Place    | Note
-------+----------+-------------------------------------------
     0 | D:1      | sanka the Mummy Arcane Marksman began the quest for the
                  | Orb.
     0 | D:1      | Reached XP level 1. HP: 15/15 MP: 2/2
   197 | D:1      | Reached skill level 2 in Throwing
   197 | D:1      | Reached XP level 2. HP: 14/21 MP: 4/4
   286 | D:1      | Reached skill level 2 in Fighting
   733 | D:1      | Reached XP level 3. HP: 27/28 MP: 5/5
  1092 | D:2      | Reached skill level 3 in Fighting
  1331 | D:2      | Found a broken altar of Ashenzari.
  1465 | D:2      | Found a hazy altar of Hepliaklqana.
  1579 | D:2      | Reached XP level 4. HP: 35/37 MP: 6/6
  1784 | D:3      | Found a broken altar of Ashenzari.
  1831 | D:3      | Reached skill level 4 in Fighting
  1947 | D:5      | Entered Level 5 of the Dungeon
  1948 | D:5      | Noticed Dowan
  1966 | D:6      | Found a sparkling altar of Nemelex Xobeh.
  2000 | D:6      | Reached XP level 5. HP: 26/43 MP: 7/7
  2045 | D:6      | Lost dexterity.
  2134 | D:6      | HP: 4/43 [quasit (2)]
  2139 | D:6      | HP: 3/43 [quasit (1)]
  2139 | D:6      | HP: 1/43 [quasit (2)]
  2140 | D:6      | Slain by a quasit

Vanquished Creatures
  A bullfrog zombie (D:6)
  4 adders
  An ooze (D:3)
  A worm (D:2)
  A dart slug (D:1)
  2 leopard geckos
  2 ball pythons (D:2)
  5 giant cockroaches (D:1)
  6 goblins
  7 hobgoblins
  11 jackals
  8 kobolds
  A quokka (D:2)
  8 bats
  A frilled lizard (D:2)
  3 rats
62 creatures vanquished.

Table legend: (Time is in decaauts)
 A = Elapsed time spent in this place.
 B = Non-inter-level travel time spent in this place.
 C = Inter-level travel time spent in this place.
 D = Time resting spent in this place.
 E = Time spent auto-exploring this place.
 F = Levels seen in this place.
 G = Mean time per level.
                   A        B        C        D        E       F      G
               +--------+--------+--------+--------+--------+-----+--------+
         Total |   2336 |   2227 |    109 |    187 |   1025 |   5 |  467.2 |
       Dungeon |   2336 |   2227 |    109 |    187 |   1025 |   5 |  467.2 |
               +--------+--------+--------+--------+--------+-----+--------+

Top non-repeatable levels by time:
     D:1: 1142 daAuts
     D:2: 697 daAuts
     D:6: 278 daAuts
     D:3: 198 daAuts
     D:5: 19 daAuts
